 Dungeon Crawl Stone Soup version 0.30.1 (webtiles) character file.

Game seed: 8879811791586875488

190 GeoRichter the Sneak (level 5, -8/24 (25) HPs)
             Began as a Spriggan Brigand on July 7, 2023.
             Killed by divine providence
             ... invoked by an orc priest
              (11 damage)
             ... on level 3 of the Dungeon.
             The game lasted 00:04:06 (2218 turns).

GeoRichter the Sneak (Spriggan Brigand)             Turns: 2218, Time: 00:04:06

HP:   -8/24 (25)    AC:  3    Str:  7    XL:     5   Next: 41%
MP:   6/6           EV: 16    Int: 13    God:
Gold: 158           SH:  0    Dex: 18    Spells: 4/4 levels left

rFire   . . .        a - +2 dagger
rCold   . . .        (no shield)
rNeg    . . .        p - +0 robe
rPois   .            (helmet restricted)
rElec   .            c - +0 cloak
rCorr   .            (gloves unavailable)
SInv    +            (boots unavailable)
Will    .....        (no amulet)
Stlth   ++++         (no ring)
HPRegen 0.24/turn    (no ring)
MPRegen 0.10/turn

%: no passive effects
@: lightly drained, very quick
A: very small, no large weapons, unfitting armour, see invisible, speed 3
a: no special abilities


You were on level 3 of the Dungeon.
You visited 1 branch of the dungeon, and saw 3 of its levels.

You collected 158 gold pieces.

Inventory:

Hand Weapons
 a - a +2 dagger (weapon)
 b - a +0 sling
   (You took it off a kobold on level 2 of the Dungeon)
Missiles
 d - 7 poisoned darts (quivered)
 e - 2 curare-tipped darts {!f}
Armour
 c - a +0 cloak (worn)
 p - a +0 robe (worn)
Scrolls
 f - 3 scrolls of identify {unknown}
 g - a scroll of torment {unknown}
 h - 2 scrolls of immolation {unknown}
 j - a scroll of noise {unknown}
 l - a scroll of blinking {unknown}
 m - a scroll of enchant weapon {unknown}
 n - 4 scrolls of teleportation {unknown}
 o - a scroll of magic mapping {unknown}
 q - a scroll of fear {unknown}
Potions
 i - a potion of curing {unknown}
 k - a potion of magic {unknown}
 r - a potion of invisibility {unknown}
 s - 2 potions of lignification {unknown}
 t - a potion of mutation {unknown}


   Skills:
 - Level 1.5 Fighting
 - Level 2.1 Short Blades
 * Level 4.7 Ranged Weapons
 - Level 2.0 Throwing
 - Level 1.3 Dodging
 - Level 6.7 Stealth


You had 4 spell levels left.
You didn't know any spells.
Your spell library was empty.

Dungeon Overview and Level Annotations

Branches:
Dungeon (3/15) Zot: 16449

Altars:


Innate Abilities, Weirdness & Mutations

You are very small and have problems with some larger weapons.
You are too small for most types of armour.
You have supernaturally acute eyesight. (SInv)
You cover ground extremely quickly. (Speed+++)


Message History

The orc is almost dead.
The orc barely misses you.
You hit the orc.
You kill the orc!
No target in view!
An orc priest is nearby!
The orc priest looks encouraged for a moment.
You see here an adder skeleton.
Really fire
e - 3 curare-tipped darts {!f}?
An orc priest is nearby!
Throw: 3 darts (curare) {!f}
Press: ? - help, Shift-Dir - straight line, f - orc priest
Aim: an orc priest, wielding a +0 hand axe (62% to hit)
You throw a curare-tipped dart {!f}.
The curare-tipped dart {!f} barely misses the orc priest.
You closely miss the orc priest.
The orc priest hits you with a +0 hand axe.
You closely miss the orc priest. The orc priest completely misses you.
You hit the orc priest.
The orc priest is lightly wounded.
The orc priest barely misses you.
You barely miss the orc priest.
The orc priest is lightly wounded.
The orc priest barely misses you.
You hit the orc priest.
The orc priest is heavily wounded.
The orc priest completely misses you.
You hit the orc priest.
The orc priest is severely wounded.
The orc priest closely misses you.
You closely miss the orc priest.
The orc priest is severely wounded.
The orc priest calls down the wrath of Beogh upon you.
You resist with significant effort.
You hit the orc priest.
The orc priest is severely wounded.
The orc priest calls down the wrath of Beogh upon you.
Beogh smites you!
You hit the orc priest.
The orc priest is almost dead.
You hit the orc priest.
The orc priest is almost dead.
The orc priest mumbles some strange prayers to Beogh against you.
Beogh smites you!
* * * LOW HITPOINT WARNING * * *
You closely miss the orc priest.
The orc priest is almost dead.
The orc priest calls down the wrath of Beogh upon you.
Beogh smites you!
You die...

....o####.########.# #.# #.#
.#.................# #.# #.#
......###.#######..# #.# #.#
........)..o..###..###.# ##.##
......##...##..........# ##...##
.#.#..#.#.#.#####..##>.###.#.#.##
...#............#...#..##.##.##.#
#.##.##.#.#.###.##..#..##.##.##.#
.. #.###.....)..@o..#..##.##.##.#
#.####.#####........###.#.#.##
#...................# ##...##
#######.†.....##.#### ##.##
#.#####.##.# #.# #.# #.##.# #[#
#.# #.##.# #.# #.# #[##.# ### #.#
#.# ##<##.# ##.###.#


You could see an orc priest.

Vanquished Creatures
  An orc priest (D:3)
  3 orc wizards (D:3)
  4 adders
  A dart slug (D:1)
  3 orcs (D:3)
  4 bats
  7 endoplasms
  A giant cockroach (D:3)
  4 goblins
  A hobgoblin (D:1)
  A quokka (D:1)
  4 ball pythons
  11 frilled lizards
  6 kobolds
  4 rats
55 creatures vanquished.

Notes
Turn   | Place    | Note
-------+----------+-------------------------------------------
     0 | D:1      | GeoRichter the Spriggan Brigand began the quest for the
                  | Orb.
     0 | D:1      | Reached XP level 1. HP: 10/10 MP: 2/2
   283 | D:1      | Reached skill level 1 in Ranged Weapons
   283 | D:1      | Reached skill level 6 in Stealth
   295 | D:1      | Reached XP level 2. HP: 14/14 MP: 3/3
   575 | D:1      | Reached XP level 3. HP: 18/18 MP: 4/4
  1624 | D:3      | Reached XP level 4. HP: 12/22 MP: 5/5
  2044 | D:3      | Reached XP level 5. HP: 12/22 MP: 6/6
  2218 | D:3      | Killed from afar by an orc priest

Illustrated notes

Levels and vault maps discovered:
D:1:      dpeg_arrival_circle_labyrinth_b, layout_basic, minmay_lizard_king
D:2:      kennysheep_big_flooded_room, layout_loops_ring
D:3:      layout_loops_ring, shapermc_ecumenical_altar_pompeii, serial_shops,
          shop_coins

Skill      XL: |  1  2  3  4 |
---------------+-------------+-----
Ranged Weapons | 1 2 3 4 |  4.7
Stealth        | 6 |  6.7
Fighting       | |  1.5
Short Blades   | |  2.1
Throwing       | |  2.0
Dodging        | |  1.3

Action                     |  1- 3 |  4- 6 || total
---------------------------+-------+-------++-------
  Melee: Dagger            |    94 |    73 ||   167
         Punch             |       |     1 ||     1
   Fire: Sling             |    21 |    19 ||    40
  Throw: Dart              |    12 |     3 ||    15
   Stab: Sleeping          |     4 |       ||     4
 Armour: Robe              |    12 |     5 ||    17
  Dodge: Dodged            |    53 |    50 ||   103
